 Dungeon Crawl Stone Soup version 0.30-a0-390-g80c34de65d (webtiles) character file.

Game seed: 10463880417397415320

2380 bande the Chopper (level 9, -2/54 HPs)
             Began as a Gargoyle Fighter on Dec 5, 2022.
             Was a Priest of Okawaru.
             Slain by a black bear (7 damage)
             ... on level 5 of the Dungeon.
             The game lasted 00:09:12 (4536 turns).

bande the Chopper (Gargoyle Fighter)                Turns: 4536, Time: 00:09:13

Health: -2/54      AC: 21    Str: 23    XL:     9   Next: 45%
Magic:  0/12       EV:  7    Int: 14    God:    Okawaru [***...]
Gold:   309        SH:  5    Dex: 11    Spells: 8/8 levels left

rFire   . . .      SeeInvis .    a - +0 war axe
rCold   . . .      Faith    .    c - +0 buckler
rNeg    + . .      Spirit   +    f - +0 chain mail
rPois   ∞          Reflect  .    l - +2 helmet
rElec   +          Harm     .    u - +0 cloak
rCorr   .          Rampage  .    (no gloves)
Will    +....                    (no boots)
Stlth   ..........               j - amulet of guardian spirit
HPRegen 0.29/turn                q - ring of willpower
MPRegen 0.13/turn                i - +6 ring of intelligence

@: no status effects
A: sickness immunity, AC +6, negative energy resistance 1, electricity
resistance, torment resistance 1, petrification resistance
a: Renounce Religion, Heroism


You were on level 5 of the Dungeon.
You worshipped Okawaru.
Okawaru was most pleased with you.
You visited 2 branches of the dungeon, and saw 7 of its levels.

You collected 321 gold pieces.
You spent 12 gold pieces at shops.

Inventory:

Hand Weapons
 a - a +0 war axe (weapon)
 p - a +0 flail
Armour
 c - a +0 buckler (worn)
 f - a +0 chain mail (worn)
 l - a +2 helmet (worn)
 u - a +0 cloak (worn)
Jewellery
 i - a +6 ring of intelligence (right hand)
 j - an amulet of guardian spirit (around neck)
 q - a ring of willpower (left hand)
 x - a ring of positive energy
 y - an amulet of reflection
Wands
 m - a wand of polymorph (13)
Scrolls
 h - a scroll of magic mapping
 o - a scroll of immolation {unknown}
 r - 3 scrolls of identify
 s - a scroll of teleportation
 t - a scroll of poison
 w - a scroll of silence {unknown}
Potions
 b - 3 potions of magic
 d - 2 potions of might
 e - 2 potions of heal wounds
 g - 2 potions of brilliance
 k - 2 potions of curing
 n - a potion of haste
 v - a potion of flight {unknown}


   Skills:
 + Level 5.6 Fighting
 + Level 7.2 Axes
 + Level 6.3 Armour
 - Level 0.1 Dodging
 + Level 5.3 Shields
 * Level 4.3 Invocations
 * Level 3.9 Evocations


You had 8 spell levels left.
You didn't know any spells.
Your spell library contained the following spells:

 Spells                   Type           Power      Damage    Failure   Level
 Static Discharge         Conj/Air       0%         2-2/arc   98%         2
 Dazzling Flash           Conj/Hex       0%         N/A       100%        3
 Vhi's Electric Charge    Tloc/Air       0%         N/A       100%        3
 Iskenderun's Mystic Bla  Conj/Tloc      0%         2d3       100%        4
 Arcjolt                  Conj/Air       0%         1d10      100%        5
 Lightning Bolt           Conj/Air       0%         1d11      100%        5
 Starburst                Conj/Fire      0%         6d3       100%        6


Dungeon Overview and Level Annotations

Branches:
Dungeon (6/15)             Temple (1/1) D:4

Altars:
Ashenzari
Cheibriados
Elyvilon
Fedhas
Kikubaaqudgha
Okawaru
Qazlal
Uskayaw
Vehumet
Xom
Yredelemnul
The Shining One

Shops:
D:2 (   D:4 =   D:5 !


Innate Abilities, Weirdness & Mutations

You are immune to sickness and miasma.
Your stone body is resilient. (AC +6)
You are immune to poison.
You resist negative energy. (rN+)
You are resistant to electric shocks. (rElec)
You are resistant to unholy torment.
You are immune to petrification.


Message History

The black bear bites you but does no damage.
You block the black bear's attack.
The black bear claws you but does no damage.
You climb upwards.
There is a stone staircase leading down here.
You hit the black bear but do no damage.
The black bear is heavily wounded.
The black bear bites you.
The black bear claws you but does no damage.
The black bear claws you.
You barely miss the black bear.
The black bear is heavily wounded.
The black bear bites you but does no damage.
The black bear claws you but does no damage. x2
You hit the black bear.
The black bear is severely wounded.
The black bear bites you but does no damage.
You block the black bear's attack.
The black bear claws you but does no damage.
You hit the black bear.
The black bear is severely wounded.
The black bear goes berserk!
You barely miss the black bear.
The black bear is severely wounded.
The black bear bites you but does no damage.
The black bear claws you.
* * * LOW HITPOINT WARNING * * *
The black bear closely misses you. The black bear bites you!
* * * LOW HITPOINT WARNING * * *
The black bear claws you but does no damage. x2
You hit the black bear.
The black bear is severely wounded.
The black bear closely misses you.
The black bear claws you but does no damage.
The black bear claws you.
* * * LOW HITPOINT WARNING * * *
You barely miss the black bear.
The black bear is severely wounded.
The black bear bites you!
You die...

.#..##≈≈.#######.####..#.)#..##.#
.....#≈≈..# #.#.#..###...##.#.
.#####≈≈≈.# #.#.###).#..##.#..
.#≈≈≈≈≈≈≈.# #.#..#..#####.#..#
.#≈≈≈≈≈≈≈.# #.##.###..##.#..#.
.#≈≈≈≈≈≈≈.# #.#...#..##.#..#.#
.###≈≈≈≈≈.# #.#.#.###..#..#.##
...##≈≈≈..######.###..#..)..#.##.
.##.##≈≈.[....)h@#....###..#.##..
####.##..#########.##..#..#.##..#
≈≈≈##...## ###.).##..##...#
≈≈≈≈...## ###...#..'.##..#..
......## #(################
####..# #.# ..##..##########.#
##...............#
#.#..############


You could see a black bear (berserk).

Vanquished Creatures
  Grinder (D:4)
  Sigmund (D:5)
  A yak (D:5)
  A shadow (D:5)
  A wyvern (D:6)
  Eustachio (D:5)
  A black bear (D:5)
  An ice beast (D:5)
  A centaur (D:5)
  2 ogres (D:5)
  4 necrophages
  2 scorpions (D:5)
  A howler monkey (D:5)
  3 hounds (D:5)
  Crazy Yiuf (D:4)
  2 gnoll boudas (D:5)
  Natasha (thrice) (D:2)
  3 iguanas
  2 orc wizards
  A gnoll (D:4)
  12 adders
  2 ufetubi
  6 dart slugs
  11 orcs
  6 endoplasms
  2 giant cockroaches
  8 goblins
  6 hobgoblins
  11 jackals
  2 quokkas
  4 ball pythons
  6 bats
  3 frilled lizards
  6 kobolds
  6 rats
  A spectral orc (D:4)
125 creatures vanquished.

Notes
Turn   | Place    | Note
-------+----------+-------------------------------------------
     0 | D:1      | bande the Gargoyle Fighter began the quest for the Orb.
     0 | D:1      | Reached XP level 1. HP: 14/14 MP: 1/1
   145 | D:1      | Reached XP level 2. HP: 19/19 MP: 2/2
   213 | D:1      | Found a faded altar of an unknown god.
   356 | D:1      | Reached skill level 2 in Axes
   652 | D:2      | Reached XP level 3. HP: 23/23 MP: 3/3
   674 | D:2      | Found Dyuf's Antique Weapon Emporium.
   784 | D:2      | Noticed Natasha
   791 | D:2      | Killed Natasha
   792 | D:2      | Reached XP level 4. HP: 27/29 MP: 4/4
   897 | D:2      | Noticed Natasha
   904 | D:2      | Killed Natasha
   905 | D:2      | Reached skill level 3 in Axes
   909 | D:2      | Noticed Natasha
   914 | D:2      | Reached XP level 5. HP: 20/33 MP: 5/5
   915 | D:2      | Killed Natasha
  1227 | D:3      | Found a snail-covered altar of Cheibriados.
  1668 | D:4      | Reached XP level 6. HP: 28/38 MP: 6/6
  1920 | D:4      | Reached skill level 4 in Axes
  1946 | D:4      | Found a runed translucent door.
  1947 | D:4      | Noticed Crazy Yiuf
  2028 | D:4      | Found Dawniq's Jewellery Emporium.
  2145 | D:4      | Reached skill level 1 in Evocations
  2232 | D:4      | Found a basalt altar of Yredelemnul.
  2449 | D:4      | Found a staircase to the Ecumenical Temple.
  2467 | Temple   | Entered the Ecumenical Temple
  2578 | Temple   | Became a worshipper of Warmaster Okawaru
  2792 | D:4      | Killed Crazy Yiuf
  2913 | D:5      | Entered Level 5 of the Dungeon
  2913 | D:5      | Noticed Grinder
  2917 | D:5      | Paralysed by Grinder for 2 turns
  2928 | D:5      | Reached XP level 7. HP: 40/44 MP: 7/7
  2931 | D:5      | Reached skill level 1 in Invocations
  2959 | D:4      | Paralysed by Grinder for 4 turns
  2968 | D:4      | Killed Grinder
  3078 | D:5      | Reached skill level 5 in Axes
  3110 | D:5      | Reached * piety under Okawaru
  3111 | D:5      | Reached skill level 5 in Armour
  3250 | D:5      | Reached XP level 8. HP: 31/48 MP: 6/9
  3457 | D:5      | Found Kenameap's Distillery.
  3457 | D:5      | Noticed Sigmund
  3467 | D:5      | Killed Sigmund
  3468 | D:5      | Reached skill level 5 in Fighting
  3491 | D:5      | Bought a potion of degeneration for 12 gold pieces
  3550 | D:5      | Reached ** piety under Okawaru
  3589 | D:5      | Noticed a shadow
  3600 | D:5      | Killed a shadow
  3601 | D:5      | Reached skill level 6 in Axes
  3687 | D:5      | Noticed a yak
  3703 | D:5      | Killed a yak
  3704 | D:5      | Reached skill level 5 in Shields
  3704 | D:5      | Reached XP level 9. HP: 46/54 MP: 8/11
  3982 | D:5      | Found a blossoming altar of Fedhas.
  4192 | D:5      | Noticed Eustachio
  4228 | D:5      | Killed Eustachio
  4485 | D:6      | Reached skill level 7 in Axes
  4515 | D:6      | Reached *** piety under Okawaru
  4536 | D:5      | Slain by a black bear

Illustrated notes

Levels and vault maps discovered:
D:1:      minmay_arrival_stone_box, layout_basic,
          ebering_ecumenical_altar_sacrificial, hangedman_decor_growths,
          solitary_fountain
D:2:      layout_rooms, serial_shops, nicolae_shop_hallway_plus, uniq_natasha
D:3:      layout_rooms, overflow_temple_1_default
D:4:      layout_basic, yredelemnul_forgotten_temple_becter,
          minmay_temple_entry_butterflies, serial_shops, shop,
          minmay_misc_feat_enclosed, minmay_fractal_squares_diagonal_5,
          uniq_crazy_yiuf_cottage
D:5:      minmay_razor_zed, layout_loops_ring, fedhas_bush_and_centaur_altar,
          serial_glass, glass_columns_a, glass_columns_a, serial_shops,
          nicolae_lakefront_shop, grunt_decor_junction, uniq_sigmund,
          uniq_grinder, uniq_eustachio
D:6:      layout_rooms, st_stairs_9, minmay_misc_feat_room, nrook_campfire
Temple:   bh_familiar_temple

Skill      XL: |  1  2  3  4  5  6  7  8  9 |
---------------+----------------------------+-----
Axes           | 2 3 4 5 6 7 |  7.2
Armour         | 4 5 6 |  6.3
Shields        | 4 5 |  5.3
Fighting       | 4 5 |  5.6
Evocations     | 1 2 3 |  3.9
Invocations    | 2 3 4 |  4.3
Dodging        | |  0.1

Action                   |  1- 3 |  4- 6 |  7- 9 || total
-------------------------+-------+-------+-------++-------
Melee: War axe           |   113 |   192 |   237 ||   542
  Use: Scroll            |     4 |     7 |     1 ||    12
Armor: Scale mail        |    15 |       |       ||    15
       Chain mail        |    65 |   166 |   223 ||   454
Dodge: Dodged            |    57 |    84 |   104 ||   245
Block: Buckler           |    33 |    46 |    79 ||   158

Table legend: (Time is in decaauts)
 A = Elapsed time spent in this place.
 B = Non-inter-level travel time spent in this place.
 C = Inter-level travel time spent in this place.
 D = Time resting spent in this place.
 E = Time spent auto-exploring this place.
 F = Levels seen in this place.
 G = Mean time per level.
                   A        B        C        D        E       F      G
               +--------+--------+--------+--------+--------+-----+--------+
         Total |   4712 |   4609 |    103 |    261 |   3087 |   7 |  673.1 |
       Dungeon |   4573 |   4470 |    103 |    261 |   3002 |   6 |  762.2 |
        Temple |    139 |    139 |      0 |      0 |     85 |   1 |  139.0 |
               +--------+--------+--------+--------+--------+-----+--------+

Top non-repeatable levels by time:
     D:5: 1540 daAuts
     D:4: 1263 daAuts
     D:1: 677 daAuts
     D:2: 524 daAuts
     D:3: 511 daAuts
  Temple: 139 daAuts
     D:6: 56 daAuts
